 Dungeon Sprint DCSS version 0.26-a0-649-gf8c6c3aab7 (webtiles) character file.

Game seed: 811099520581573172

3900000 TerrariaFan the Formicid Barricade (level 27, -11/249 HPs)
             Began as a Formicid Fighter on Sept 26, 2020.
             Was the Champion of Makhleb.
             Mangled by a sculptor of flesh
             ... wielding a +9 great sword
              (176 damage)
             ... in the Dungeon (Sprint VIII: "Arena of Blood").
             The game lasted 00:00:40 (39 turns).

TerrariaFan the Formicid Barricade (Formicid Fighter) Turns: 39, Time: 00:00:40

Health: -11/249    AC: 13    Str: 31    XL:     27
Magic:  25/54      EV: 24    Int: 11    God:    Makhleb [******]
Gold:   0          SH: 19    Dex: 10    Spells: 80/80 levels left

rFire    . . .     SeeInvis +   h - +โˆž Axe of Woe
rCold    . . .     Faith    .   c - +0 kite shield
rNeg     . . .     Spirit   .   b - +0 scale mail
rPois    .         Reflect  .   (helmet unavailable)
rElec    .         Harm     .   (no cloak)
rCorr    .         Rampage  .   (no gloves)
MR       ++...                  (no boots)
Stlth    ++++++++..             (no amulet)
HPRegen  0.51/turn              (no ring)
MPRegen  0.34/turn              (no ring)

@: no status effects
A: permanent stasis, dig shafts and tunnels, four strong arms, antennae 3
a: Dig, Minor Destruction, Lesser Servant of Makhleb, Major Destruction, Greater
Servant of Makhleb, Renounce Religion


You were in the Dungeon.
You worshipped Makhleb.
Makhleb was exalted by your worship.
You visited 1 branch

Inventory:

Hand Weapons
 a - a +0 war axe
 h - the +โˆž Axe of Woe (weapon)
   (You found it in the Dungeon)
Armour
 b - a +0 scale mail (worn)
 c - a +0 kite shield (worn)
Potions
 d - a potion of might
 e - a potion of curing
 f - a potion of heal wounds
 g - 2 potions of magic


   Skills:
 O Level 27 Fighting
 O Level 27 Axes
 O Level 27 Throwing
 O Level 27 Armour
 O Level 27 Dodging
 O Level 27 Stealth
 O Level 27 Shields
 O Level 27 Unarmed Combat
 O Level 27 Spellcasting
 O Level 27 Invocations


You had 80 spell levels left.
You didn't know any spells.
Your spell library was empty.

Dungeon Overview and Level Annotations

Branches:
Dungeon (1/1)

Altars:
Makhleb


Innate Abilities, Weirdness & Mutations

You cannot be hasted, slowed, berserked, paralysed or teleported.
You can dig through walls and to a lower floor.
Your four strong arms can wield two-handed weapons with a shield.
You have a pair of large antennae on your head. (SInv)


Message History

A meat berserker comes into view. It is wielding a +9 battleaxe.
You hear a shout! x8
The destroyer blinks!
You hear a shout!
Unknown command.
The bag of meat shouts!
You hear a shout! x6
The meat berserker hits you with a +9 battleaxe!!!
A bag of meat comes into view. It is wielding a +9 war axe.
You hear a shout!
The destroyer blinks!
You hear two shouts!
You hear a shout! x8
The bag of meat hits you but does no damage.
You hear a shout! x6
You hear a shout! x2
A bag of meat comes into view. It is wielding a +9 war axe.
You hear a shout! x4
The sculptor of flesh hits you with a +9 great sword!!!!!
Ouch! That really hurt!
You die...

.... .oO....#
..........#..o...#
............o....#
..........##o....#
#............o.O.#
........o###.o.oo#
........xo)o.xooo#
)).))#.#)o.OoooO@#
)))).).).)xooo.z=#
))))#)#)#)))O.Oo.#
.............Vo..#
.....#.#.#..#....#
#......ยง...#.....#
............#....#
...........#.....#
............. ...#


You could see a destroyer, a sculptor of flesh, 3 large bags of meat, 3 meat
berserkers, a small abomination, 22 bags of meat and a crawling corpse.

Vanquished Creatures
  3 vampire knights (D)
  12 ogres (D)
  A hydra (D)
  35 orcs (D)
  2 crawling corpses (D)
53 creatures vanquished.

Notes
Turn   | Place    | Note
-------+----------+-------------------------------------------
     0 | D        | Found the +โˆž Axe of Woe
     0 | D        | TerrariaFan the Formicid Fighter began the quest for the
                  | Orb.
     0 | D        | Reached XP level 1. HP: 18/18 MP: 1/1
     1 | D        | Noticed a bag of meat
     2 | D        | Noticed a bag of meat
     2 | D        | Noticed a bag of meat
     3 | D        | Became a worshipper of Makhleb the Destroyer
     3 | D        | Noticed a bag of meat
     4 | D        | Noticed a meat berserker
     6 | D        | Noticed a meat berserker
     6 | D        | Noticed a bag of meat
     6 | D        | Noticed a bag of meat
     7 | D        | Noticed a bag of meat
     8 | D        | Killed a bag of meat
     8 | D        | Reached XP level 2. HP: 46/46 MP: 2/2
     8 | D        | Reached XP level 3. HP: 52/52 MP: 3/3
     8 | D        | Reached XP level 4. HP: 59/59 MP: 4/4
     8 | D        | Reached XP level 5. HP: 66/66 MP: 5/5
     8 | D        | Reached XP level 6. HP: 73/73 MP: 6/6
     8 | D        | Reached XP level 7. HP: 79/79 MP: 7/7
     8 | D        | Reached XP level 8. HP: 86/86 MP: 8/8
     8 | D        | Reached XP level 9. HP: 92/92 MP: 9/9
     8 | D        | Reached XP level 10. HP: 100/100 MP: 10/10
     8 | D        | Reached XP level 11. HP: 106/106 MP: 11/11
     8 | D        | Reached XP level 12. HP: 113/113 MP: 12/12
     8 | D        | Noticed a bag of meat
     8 | D        | Noticed a meat berserker
     9 | D        | Noticed a bag of meat
     9 | D        | Killed a bag of meat
     9 | D        | Reached * piety under Makhleb
     9 | D        | Reached XP level 13. HP: 80/125 MP: 13/13
     9 | D        | Killed a meat berserker
     9 | D        | Reached XP level 14. HP: 89/139 MP: 14/14
     9 | D        | Reached XP level 15. HP: 93/146 MP: 15/15
     9 | D        | Reached skill level 15 in Axes
     9 | D        | Reached ** piety under Makhleb
     9 | D        | Reached XP level 16. HP: 141/157 MP: 16/16
     9 | D        | Killed a meat berserker
     9 | D        | Reached skill level 27 in Shields
     9 | D        | Noticed a meat berserker
    10 | D        | Reached skill level 27 in Armour
    10 | D        | Reached XP level 17. HP: 173/173 MP: 17/17
    12 | D        | Reached *** piety under Makhleb
    12 | D        | Reached skill level 27 in Fighting
    12 | D        | Reached XP level 18. HP: 182/182 MP: 18/18
    12 | D        | Reached skill level 27 in Axes
    12 | D        | Killed a meat berserker
    12 | D        | Reached **** piety under Makhleb
    12 | D        | Noticed a meat berserker
    12 | D        | Noticed a meat berserker
    13 | D        | Noticed a destroyer
    14 | D        | Reached skill level 10 in Dodging
    14 | D        | Reached XP level 19. HP: 189/189 MP: 18/34
    14 | D        | Killed a meat berserker
    14 | D        | Reached skill level 15 in Invocations
    14 | D        | Reached skill level 15 in Throwing
    14 | D        | Reached skill level 15 in Unarmed Combat
    14 | D        | Reached XP level 20. HP: 197/197 MP: 18/38
    14 | D        | Noticed a meat berserker
    15 | D        | Noticed a meat berserker
    16 | D        | Reached ***** piety under Makhleb
    16 | D        | Reached skill level 15 in Spellcasting
    16 | D        | Killed a destroyer
    16 | D        | Noticed a meat berserker
    17 | D        | Reached XP level 21. HP: 204/204 MP: 19/43
    17 | D        | Killed a meat berserker
    17 | D        | Reached XP level 22. HP: 212/212 MP: 19/46
    18 | D        | Reached skill level 27 in Stealth
    18 | D        | Killed a meat berserker
    18 | D        | Reached ****** piety under Makhleb
    19 | D        | Noticed a large bag of meat
    19 | D        | Noticed a destroyer
    19 | D        | Noticed a meat berserker
    20 | D        | Reached skill level 27 in Invocations
    20 | D        | Reached XP level 23. HP: 219/219 MP: 19/50
    21 | D        | Reached skill level 27 in Throwing
    21 | D        | Reached skill level 27 in Dodging
    21 | D        | Reached skill level 27 in Unarmed Combat
    21 | D        | Reached skill level 27 in Spellcasting
    21 | D        | Reached XP level 24. HP: 227/227 MP: 20/54
    23 | D        | Noticed a destroyer
    25 | D        | Noticed a destroyer
    25 | D        | Noticed a large bag of meat
    26 | D        | Noticed a large bag of meat
    27 | D        | Reached XP level 25. HP: 145/234 MP: 21/54
    27 | D        | Reached XP level 26. HP: 242/242 MP: 21/54
    32 | D        | Reached XP level 27. HP: 249/249 MP: 23/54
    32 | D        | Killed a destroyer
    33 | D        | Killed a destroyer
    35 | D        | Noticed a destroyer
    39 | D        | Mangled by a sculptor of flesh

Illustrated notes

Levels and vault maps discovered:
D:        meatsprint

Skill      XL: |  1  2  3  4  5  6  7  8  9 10 11 12 13 14 15 16 17 18 19 20 21 22 23 |
---------------+----------------------------------------------------------------------+-----
Fighting       | 16 19 21 23 26 27 | 27.0
Axes           | 9 11 14 16 19 25 27 | 27.0
Armour         | 17 19 22 24 27 | 27.0
Shields        | 18 20 23 25 27 | 27.0
Throwing       | 11 15 18 21 24 27 | 27.0
Dodging        | 10 13 17 19 22 27 | 27.0
Stealth        | 14 18 23 26 27 | 27.0
Unarmed Combat | 11 15 18 21 24 27 | 27.0
Spellcasting   | 11 14 18 20 23 27 | 27.0
Invocations    | 12 16 21 23 27 | 27.0

Action                   |  1- 3 |  4- 6 |  7- 9 | 10-12 | 13-15 | 16-18 | 19-21 | 22-24 | 25-27 || total
-------------------------+-------+-------+-------+-------+-------+-------+-------+-------+-------++-------
Melee: Executioner's axe |     1 |       |       |     1 |       |     3 |     2 |     5 |     3 ||    15
 Abil: Dig               |     1 |       |       |       |       |       |       |       |       ||     1
Armor: Scale mail        |       |       |       |       |       |       |       |       |     1 ||     1
Block: Kite shield       |       |       |       |       |       |     1 |       |       |     4 ||     5

Table legend: (Time is in decaauts)
 A = Elapsed time spent in this place.
 B = Non-inter-level travel time spent in this place.
 C = Inter-level travel time spent in this place.
 D = Time resting spent in this place.
 E = Time spent auto-exploring this place.
 F = Levels seen in this place.
 G = Mean time per level.
                   A        B        C        D        E       F      G
               +--------+--------+--------+--------+--------+-----+--------+
         Total |     36 |     36 |      0 |      0 |      0 |   1 |   36.0 |
       Dungeon |     36 |     36 |      0 |      0 |      0 |   1 |   36.0 |
               +--------+--------+--------+--------+--------+-----+--------+

Top non-repeatable levels by time:
       D: 36 daAuts
